 Dungeon Crawl Stone Soup version 0.29.1-12-g30fa7ad0bf (webtiles) character file.

Game seed: 16017982121762021546

138 zeram the Skirmisher (level 5, -3/43 HPs)
             Began as a Gnoll Hunter on Dec 30, 2022.
             Slain by a gnoll
             ... wielding a +0 halberd
              (6 damage)
             ... on level 5 of the Dungeon.
             The game lasted 00:03:25 (1193 turns).

zeram the Skirmisher (Gnoll Hunter)                 Turns: 1193, Time: 00:03:26

Health: -3/43      AC:  6    Str: 10    XL:     5   Next: 21%
Magic:  6/7        EV: 13    Int: 10    God:
Gold:   120        SH:  0    Dex: 16    Spells: 6/6 levels left

rFire   . . .      SeeInvis .   a - +0 shortbow
rCold   . . .      Faith    .   (shield currently unavailable)
rNeg    . . .      Spirit   .   c - +0 leather armour
rPois   .          Reflect  .   (no helmet)
rElec   .          Harm     .   g - +0 cloak
rCorr   .          Rampage  .   (no gloves)
Will    .....                   j - +1 pair of boots
Stlth   ++........              (no amulet)
HPRegen 0.14/turn               (no ring)
MPRegen 0.10/turn               (no ring)

@: no status effects
A: fangs 1, strong nose, distributed training
a: no special abilities


You were on level 5 of the Dungeon.
You visited 1 branch of the dungeon, and saw 4 of its levels.

You collected 120 gold pieces.

Inventory:

Hand Weapons
 a - a +0 shortbow (weapon)
Armour
 c - a +0 leather armour (worn)
 e - a scarf of repulsion
 g - a +0 cloak (worn)
 j - a +1 pair of boots (worn)
Wands
 h - a wand of polymorph (10)
Scrolls
 b - 2 scrolls of immolation
 d - 2 scrolls of identify
 i - 2 scrolls of teleportation
Potions
 f - 2 potions of curing
 k - a potion of magic
 l - 2 potions of heal wounds
 m - a potion of flight {unknown}


   Skills:
 + Level 4.8 Fighting
 + Level 1.4 Short Blades
 + Level 1.4 Long Blades
 + Level 1.4 Axes
 + Level 1.4 Maces & Flails
 + Level 1.4 Polearms
 + Level 1.4 Staves
 + Level 8.6 Ranged Weapons
 + Level 1.4 Throwing
 + Level 1.4 Armour
 + Level 4.8 Dodging
 + Level 2.7 Stealth
 + Level 1.4 Shields
 + Level 1.4 Unarmed Combat
 + Level 1.4 Spellcasting
 + Level 1.1 Conjurations
 + Level 1.1 Hexes
 + Level 1.1 Summonings
 + Level 1.1 Necromancy
 + Level 1.1 Translocations
 + Level 1.1 Transmutations
 + Level 1.1 Fire Magic
 + Level 1.1 Ice Magic
 + Level 1.1 Air Magic
 + Level 1.1 Earth Magic
 + Level 1.1 Poison Magic
 + Level 1.6 Invocations
 + Level 1.4 Evocations


You had 6 spell levels left.
You didn't know any spells.
Your spell library contained the following spells:

 Spells                   Type           Power      Damage    Failure   Level
 Apportation              Tloc           6%         N/A       26%         1
 Necrotise                Necr           12%        1d4       26%         1
 Summon Small Mammal      Summ           12%        N/A       26%         1


Dungeon Overview and Level Annotations

Branches:
Dungeon (3/15)

Altars:
Elyvilon


Innate Abilities, Weirdness & Mutations

You have very sharp teeth.
Your uncanny sense of smell can sniff out nearby items.
Your experience applies equally to all skills.


Message History

You are too injured to fight recklessly!
Fire: a) +0 shortbow
Press: ? - help, Q - select action, (/) - cycle Shift-Dir - straight line, f/p - gnoll
Aim: a gnoll, wielding a +0 whip (heavily wounded, 69% to hit)
You shoot an arrow.
The arrow hits the gnoll but does no damage.
The gnoll is heavily wounded.
The gnoll closely misses you. The gnoll misses you.
The gnoll barely misses you.
Fire: a) +0 shortbow
Press: ? - help, Q - select action, (/) - cycle Shift-Dir - straight line, f/p - gnoll
Aim: a gnoll, wielding a +0 whip (heavily wounded, 69% to hit)
You shoot an arrow.
The arrow hits the gnoll but does no damage.
The gnoll is heavily wounded.
The gnoll hits you but does no damage. The gnoll barely misses you.
Fire: a) +0 shortbow
Press: ? - help, Q - select action, (/) - cycle Shift-Dir - straight line, f/p - gnoll
Aim: a gnoll, wielding a +0 whip (heavily wounded, 69% to hit)
You shoot an arrow. The arrow completely misses the gnoll.
The gnoll hits you with a +0 whip. x2; The gnoll closely misses you.
Unknown command.
Fire: a) +0 shortbow
Press: ? - help, Q - select action, (/) - cycle Shift-Dir - straight line, f/p - gnoll
Aim: a gnoll, wielding a +0 whip (heavily wounded, 69% to hit)
You shoot an arrow. The arrow barely misses the gnoll.
The gnoll hits you with a +0 whip.
* * * LOW HITPOINT WARNING * * *
The gnoll closely misses you.
The gnoll hits you from afar with a +0 halberd.
* * * LOW HITPOINT WARNING * * *
Fire: a) +0 shortbow
Press: ? - help, Q - select action, (/) - cycle Shift-Dir - straight line, f/p - gnoll
Aim: a gnoll, wielding a +0 whip (heavily wounded, 69% to hit)
You shoot an arrow. The arrow hits the gnoll.
The gnoll is severely wounded.
The gnoll closely misses you. The gnoll hits you with a +0 whip.
* * * LOW HITPOINT WARNING * * *
The gnoll hits you from afar with a +0 halberd.
You die...

##.......##
..........# ∆
#........#
#.....!..#
#........#
#....$g..#
##....)†..########.#
#.....g@g...........
#########........#.#
########.# ∆ #


You could see 3 gnolls.

Vanquished Creatures
  A hound (D:5)
  2 adders
  4 gnolls
  A dart slug (D:2)
  A worm (D:2)
  4 orcs
  2 bats
  2 endoplasms (D:2)
  A giant cockroach (D:1)
  5 goblins
  7 hobgoblins
  4 jackals (D:2)
  3 ball pythons
  A frilled lizard (D:2)
  2 kobolds
  2 rats (D:1)
42 creatures vanquished.

Notes
Turn   | Place    | Note
-------+----------+-------------------------------------------
     0 | D:1      | zeram the Gnoll Hunter began the quest for the Orb.
     0 | D:1      | Reached XP level 1. HP: 20/20 MP: 1/1
   247 | D:1      | Reached XP level 2. HP: 26/26 MP: 2/2
   530 | D:2      | Found a white marble altar of Elyvilon.
   602 | D:2      | Reached XP level 3. HP: 31/31 MP: 3/3
   700 | D:2      | Reached skill level 1 in Invocations
   806 | D:2      | Reached skill level 1 in Short Blades
   806 | D:2      | Reached skill level 1 in Long Blades
   806 | D:2      | Reached skill level 1 in Axes
   806 | D:2      | Reached skill level 1 in Maces & Flails
   806 | D:2      | Reached skill level 1 in Polearms
   806 | D:2      | Reached skill level 1 in Staves
   806 | D:2      | Reached skill level 1 in Throwing
   806 | D:2      | Reached skill level 1 in Armour
   806 | D:2      | Reached skill level 1 in Shields
   806 | D:2      | Reached skill level 1 in Unarmed Combat
   806 | D:2      | Reached skill level 1 in Spellcasting
   806 | D:2      | Reached skill level 1 in Evocations
   808 | D:2      | Reached XP level 4. HP: 38/38 MP: 5/5
   821 | D:2      | Reached skill level 1 in Conjurations
   821 | D:2      | Reached skill level 1 in Hexes
   821 | D:2      | Reached skill level 1 in Summonings
   821 | D:2      | Reached skill level 1 in Necromancy
   821 | D:2      | Reached skill level 1 in Translocations
   821 | D:2      | Reached skill level 1 in Transmutations
   821 | D:2      | Reached skill level 1 in Fire Magic
   821 | D:2      | Reached skill level 1 in Ice Magic
   821 | D:2      | Reached skill level 1 in Air Magic
   821 | D:2      | Reached skill level 1 in Earth Magic
   821 | D:2      | Reached skill level 1 in Poison Magic
  1174 | D:3      | You fall into a shaft and drop 2 floors!
  1174 | D:5      | Entered Level 5 of the Dungeon
  1185 | D:5      | Reached XP level 5. HP: 40/43 MP: 5/7
  1193 | D:5      | Slain by a gnoll

Illustrated notes

Levels and vault maps discovered:
D:1:      dpeg_arrival_tiny_i, layout_basic
D:2:      layout_rooms, basic_altar, hex_tiny, guppyfry_early_orc_mine
D:3:      minmay_general_purpose_star, layout_loops_cross, minitemple,
          nicolae_shop_unique_rings, uniq_terence, uniq_jessica
D:5:      layout_basic, gammafunk_temple_overflow_elements,
          gup_ossuary_entry_pyramid, chequers_serial_rivers_micro_e,
          kennysheep_generic_room_7

Skill      XL: |  1  2  3  4 |
---------------+-------------+-----
Invocations    | 1 |  1.6
Short Blades   | 1 |  1.4
Long Blades    | 1 |  1.4
Axes           | 1 |  1.4
Maces & Flails | 1 |  1.4
Polearms       | 1 |  1.4
Staves         | 1 |  1.4
Throwing       | 1 |  1.4
Armour         | 1 |  1.4
Shields        | 1 |  1.4
Unarmed Combat | 1 |  1.4
Spellcasting   | 1 |  1.4
Evocations     | 1 |  1.4
Conjurations   | 1 |  1.1
Hexes          | 1 |  1.1
Summonings     | 1 |  1.1
Necromancy     | 1 |  1.1
Translocations | 1 |  1.1
Transmutations | 1 |  1.1
Fire Magic     | 1 |  1.1
Ice Magic      | 1 |  1.1
Air Magic      | 1 |  1.1
Earth Magic    | 1 |  1.1
Poison Magic   | 1 |  1.1
Fighting       | |  4.8
Ranged Weapons | |  8.6
Dodging        | |  4.8
Stealth        | |  2.7

Action                   |  1- 3 |  4- 6 || total
-------------------------+-------+-------++-------
 Fire: Shortbow          |    74 |    38 ||   112
  Use: Scroll            |     7 |       ||     7
Armor: Leather armour    |     5 |     5 ||    10
Dodge: Dodged            |    10 |    29 ||    39
